Edmonton Oilers vs Minnesota North Stars
Created - Thursday, June 1, 2023 at 10:03
Goals
|
| Edmonton Oilers |
1 |
1 |
1 |
3 |
| Minnesota North Stars |
0 |
0 |
2 |
2 |
|
Shots
|
| Edmonton Oilers |
7 |
9 |
7 |
23 |
| Minnesota North Stars |
10 |
12 |
11 |
33 |
|
1st period
1. Edmonton Oilers , Adrian Kempe 31 (Jamie Benn 40, Boone Jenner 44) at 14:12
Penalties :
Jack Hughes (MNS) for Fighting (Major) at 0:03, Damon Severson (EDM) for Fighting (Major) at 0:03, Adam Lowry (MNS) for High sticking (Minor) at 5:12, Jacob Trouba (EDM) for Hooking (Minor) at 19:02
2nd period
2. Edmonton Oilers , Mikael Backlund 9 (Paul Stastny 9) at 2:54
Penalties :
Sean Kuraly (EDM) for Roughing (Minor) at 6:03
3rd period
3. Edmonton Oilers , Damon Severson 8 (Brock Boeser 19, Ryan Getzlaf 30) at 2:00 (PP)
4. Minnesota North Stars , Jeff Skinner 24 (Viktor Arvidsson 28, Jonathan Toews 19) at 7:53
5. Minnesota North Stars , Yegor Sharangovich 18 (Gustav Nyquist 11, Zdeno Chara 20) at 15:16
Penalties :
Zdeno Chara (MNS) for Hooking (Minor) at 1:45, Damon Severson (EDM) for Roughing (Minor) at 5:31, Evgeni Malkin (MNS) for Tripping (Minor) at 12:31, Jacob Trouba (EDM) for Hooking (Minor) at 16:05
Goalie Stats
Matt Murray (EDM), 31 saves from 33 shots - (0.939), W, 11-12-2, 60:00 minutes
Brian Elliott (MNS), 20 saves from 23 shots - (0.870), L, 22-15-1, 59:04 minutes
Players Stats for Edmonton Oilers
Player Name G A P +/- PIM S H SB GA TA FO MP PP MP PK MP
------------------------------------------------------------------------------------
Adrian Kempe 1 0 1 1 0 4 1 2 0 1 2/5 17:57 1:58 3:25
Alex Iafallo 0 0 0 -2 0 2 0 0 0 0 2/6 14:48 0:00 0:11
Anthony Duclair 0 0 0 0 0 4 1 0 0 0 0/0 16:00 2:15 0:00
Boone Jenner 0 1 1 2 0 1 4 0 0 1 9/14 23:32 1:58 4:24
Brandon Carlo 0 0 0 0 0 0 4 0 0 0 0/0 14:46 0:00 0:36
Brett Pesce 0 0 0 0 0 0 0 3 0 0 0/0 23:18 2:25 2:49
Brock Boeser 0 1 1 0 0 3 1 0 1 0 0/0 19:18 2:15 3:25
Cam Atkinson 0 0 0 -2 0 0 0 1 0 0 1/3 15:31 0:00 0:00
Damon Severson 1 0 1 0 7 3 0 1 0 0 0/0 20:25 1:48 3:18
Duncan Keith 0 0 0 0 0 0 0 3 0 2 0/0 17:39 0:00 3:26
Erik Johnson 0 0 0 0 0 0 0 1 0 0 0/0 22:06 2:25 2:49
Jacob Trouba 0 0 0 0 4 1 5 2 0 1 0/0 22:13 1:48 2:54
Jakub Voracek 0 0 0 -2 0 2 0 1 0 0 0/0 14:16 0:00 0:00
Jamie Benn 0 1 1 1 0 1 3 1 0 3 0/1 19:00 1:58 4:20
Mikael Backlund 1 0 1 1 0 1 0 0 0 0 2/4 6:32 0:00 0:00
Paul Stastny 0 1 1 1 0 1 0 1 0 0 0/0 7:07 0:00 0:07
Ryan Getzlaf 0 1 1 0 0 0 0 0 0 0 5/12 16:00 2:15 0:00
Sean Kuraly 0 0 0 0 2 0 0 0 0 0 0/0 1:31 0:00 0:00
Players Stats for Minnesota North Stars
Player Name G A P +/- PIM S H SB GA TA FO MP PP MP PK MP
------------------------------------------------------------------------------------
Adam Lowry 0 0 0 1 2 0 2 0 1 0 3/4 11:33 0:00 0:12
Alex Goligoski 0 0 0 0 0 0 4 0 0 0 0/0 15:07 3:08 0:00
Andrew Poturalski 0 0 0 0 0 1 1 0 0 0 1/2 9:27 0:00 0:00
Conor Sheary 0 0 0 0 0 2 0 0 2 0 0/0 9:27 0:00 0:00
David Perron 0 0 0 -1 0 2 3 1 2 0 0/0 19:58 5:21 0:52
Evgeni Malkin 0 0 0 -1 2 3 2 0 2 0 12/23 19:53 5:21 0:00
Gustav Forsling 0 0 0 1 0 0 0 0 0 1 0/0 24:14 4:48 1:34
Gustav Nyquist 0 1 1 1 0 4 0 0 0 0 0/0 11:38 0:00 0:26
Jack Hughes 0 0 0 -1 5 3 0 0 0 0 1/2 21:07 5:21 2:55
Jeff Skinner 1 0 1 0 0 5 2 0 0 0 0/1 15:32 2:35 0:00
Jonathan Toews 0 1 1 0 0 1 3 0 0 0 6/8 17:47 2:35 2:55
Neal Pionk 0 0 0 0 0 1 2 1 0 0 0/0 21:51 3:21 1:34
Nick Holden 0 0 0 0 0 1 0 3 0 0 0/0 11:51 0:00 0:15
Nino Niederreiter 0 0 0 0 0 3 2 1 1 0 0/0 9:48 0:00 0:00
Rasmus Dahlin 0 0 0 -1 0 2 3 0 0 0 0/0 26:18 4:35 2:39
Viktor Arvidsson 0 1 1 0 0 2 1 1 0 0 0/2 14:52 2:35 0:00
Yegor Sharangovich 1 0 1 1 0 3 1 1 0 0 1/3 14:42 0:00 1:06
Zdeno Chara 0 1 1 0 2 0 3 0 0 0 0/0 20:38 0:00 2:24
3 Stars
1 - Boone Jenner (EDM)
2 - Adrian Kempe (EDM)
3 - Matt Murray (EDM)
Power Play
Edmonton Oilers - 1 on 3 Attempt(s) - 33.33%
Minnesota North Stars - 0 on 4 Attempt(s) - 0.00%
Penalty Kill
Edmonton Oilers - 4 on 4 Attempt(s) - 100.00%
- Score 0 goal in Penalty Kill
Minnesota North Stars - 2 on 3 Attempt(s) - 66.67%
- Score 0 goal in Penalty Kill
Team Stat
Edmonton Oilers - Hits : 19 - Faceoff Wins : 21 - Blocked Shots : 16 - Penalty Minutes : 13
Minnesota North Stars - Hits : 29 - Faceoff Wins : 24 - Blocked Shots : 8 - Penalty Minutes : 11
Official
Referees : Brad Watson and TJ Luxmore
Linesman : Scott Cherrey and John Grandt
Game Notes
Jack Hughes and Damon Severson fight to a draw at 0:03 of 1st period
Finance
Level 1 -- Attendance: 4629 (77.15%) -- Ticket Income $462,900
Level 2 -- Attendance: 3716 (74.32%) -- Ticket Income $222,960
Level 3 -- Attendance: 2315 (77.17%) -- Ticket Income $81,025
Level 4 -- Attendance: 3756 (75.12%) -- Ticket Income $93,900
Luxury Box -- Attendance: 718 (71.80%) -- Ticket Income $143,600
Game was played at the Met Center.
Total Attendance: 15134 (75.67%)
Total Ticket Income: $1,004,385
Other Income: $351,535
Total Income: $1,355,920
Edmonton Oilers
5 vs 5 Forward
Center Left Wing Right Wing Time % Phy DF OF
1 Boone Jenner Jamie Benn Adrian Kempe 30 1 2 2
2 Ryan Getzlaf Anthony Duclair Brock Boeser 30 1 2 2
3 Alex Iafallo Jakub Voracek Cam Atkinson 25 1 2 2
4 Mikael Backlund Paul Stastny Boone Jenner 15 1 2 2
5 vs 5 Defense
Defense Defense Time % Phy DF OF
1 Damon Severson Jacob Trouba 30 1 2 2
2 Brett Pesce Erik Johnson 30 1 2 2
3 Brandon Carlo Duncan Keith 25 1 2 2
4 Damon Severson Jacob Trouba 15 1 2 2
PowerPlay Forward
Center Left Wing Right Wing Time % Phy DF OF
1 Boone Jenner Jamie Benn Adrian Kempe 50 1 2 2
2 Ryan Getzlaf Anthony Duclair Brock Boeser 50 1 2 2
PowerPlay Defense
Defense Defense Time % Phy DF OF
1 Damon Severson Jacob Trouba 50 1 2 2
2 Brett Pesce Erik Johnson 50 1 2 2
Penalty Kill 4 Players Forward
Center Wing Time % Phy DF OF
1 Boone Jenner Jamie Benn 50 1 2 2
2 Adrian Kempe Brock Boeser 50 1 2 2
Penalty Kill 4 Players Defense
Defense Defense Time % Phy DF OF
1 Damon Severson Jacob Trouba 50 1 2 2
2 Brett Pesce Erik Johnson 50 1 2 2
Penalty Kill - 3 Players Forward
Forward Time % Phy DF OF
1 Boone Jenner 50 1 2 2
2 Jamie Benn 50 1 2 2
Penalty Kill - 3 Players Defense
Defense Defense Time % Phy DF OF
1 Damon Severson Jacob Trouba 50 1 2 2
2 Brett Pesce Erik Johnson 50 1 2 2
4 vs 4 Forward
Center Wing Time % Phy DF OF
1 Boone Jenner Jamie Benn 50 1 2 2
2 Adrian Kempe Brock Boeser 50 1 2 2
4 vs 4 Defense
Defense Defense Time % Phy DF OF
1 Damon Severson Jacob Trouba 50 1 2 2
2 Brett Pesce Erik Johnson 50 1 2 2
Last Minutes Offensive
Center Left Wing Right Wing Defense Defense
Boone Jenner Jamie Benn Adrian Kempe Damon Severson Jacob Trouba
Last Minutes Defensive
Center Left Wing Right Wing Defense Defense
Boone Jenner Jamie Benn Adrian Kempe Damon Severson Jacob Trouba
Goaltenders
Starting : Matt Murray
Backup : Juuse Saros
Extra Forwards
Normal : Sean Kuraly, Cam Atkinson, Alex Iafallo - PP : Sean Kuraly, Cam Atkinson - PK : Alex Iafallo
Extra Defensemen
Normal : Brandon Carlo, Duncan Keith, Brett Pesce - PP : Brandon Carlo - PK : Duncan Keith, Brett Pesce
Penalty Shots
Boone Jenner, Jamie Benn, Adrian Kempe, Brock Boeser, Ryan Getzlaf
Minnesota North Stars
5 vs 5 Forward
Center Left Wing Right Wing Time % Phy DF OF
1 Evgeni Malkin Jack Hughes David Perron 40 1 2 2
2 Jonathan Toews Jeff Skinner Viktor Arvidsson 31 1 2 2
3 Adam Lowry Yegor Sharangovich Gustav Nyquist 24 1 2 2
4 Andrew Poturalski Conor Sheary Nino Niederreiter 5 1 2 2
5 vs 5 Defense
Defense Defense Time % Phy DF OF
1 Rasmus Dahlin Zdeno Chara 40 1 2 2
2 Neal Pionk Gustav Forsling 30 1 2 2
3 Alex Goligoski Nick Holden 20 1 2 2
4 Rasmus Dahlin Zdeno Chara 10 1 2 2
PowerPlay Forward
Center Left Wing Right Wing Time % Phy DF OF
1 Evgeni Malkin Jack Hughes David Perron 60 1 2 2
2 Jonathan Toews Jeff Skinner Viktor Arvidsson 40 1 2 2
PowerPlay Defense
Defense Defense Time % Phy DF OF
1 Rasmus Dahlin Gustav Forsling 60 1 2 2
2 Neal Pionk Alex Goligoski 40 1 2 2
Penalty Kill 4 Players Forward
Center Wing Time % Phy DF OF
1 Jonathan Toews Jack Hughes 60 1 2 2
2 Adam Lowry David Perron 40 1 2 2
Penalty Kill 4 Players Defense
Defense Defense Time % Phy DF OF
1 Rasmus Dahlin Zdeno Chara 60 1 2 2
2 Neal Pionk Gustav Forsling 40 1 2 2
Penalty Kill - 3 Players Forward
Forward Time % Phy DF OF
1 Jonathan Toews 60 1 2 2
2 Adam Lowry 40 1 2 2
Penalty Kill - 3 Players Defense
Defense Defense Time % Phy DF OF
1 Nick Holden Zdeno Chara 60 1 2 2
2 Neal Pionk Gustav Forsling 40 1 2 2
4 vs 4 Forward
Center Wing Time % Phy DF OF
1 Evgeni Malkin Jack Hughes 60 1 2 2
2 Jonathan Toews David Perron 40 1 2 2
4 vs 4 Defense
Defense Defense Time % Phy DF OF
1 Rasmus Dahlin Gustav Forsling 60 1 2 2
2 Neal Pionk Alex Goligoski 40 1 2 2
Last Minutes Offensive
Center Left Wing Right Wing Defense Defense
Evgeni Malkin Jack Hughes David Perron Rasmus Dahlin Gustav Forsling
Last Minutes Defensive
Center Left Wing Right Wing Defense Defense
Jonathan Toews Adam Lowry Yegor Sharangovich Rasmus Dahlin Gustav Forsling
Goaltenders
Starting : Brian Elliott
Backup : Antti Raanta
Extra Forwards
Normal : Evgeni Malkin, Jack Hughes, Jeff Skinner - PP : Evgeni Malkin, Jack Hughes - PK : Jonathan Toews
Extra Defensemen
Normal : Rasmus Dahlin, Neal Pionk, Gustav Forsling - PP : Rasmus Dahlin - PK : Nick Holden, Neal Pionk
Penalty Shots
Evgeni Malkin, Jack Hughes, Jeff Skinner, David Perron, Yegor Sharangovich
% Time on Ice - Edmonton Oilers
Lines # - Real PCT - Wanted PCT - Time Play
Normal Forward
1 - 25% - 30% - 11:36
2 - 30% - 30% - 14:12
3 - 31% - 25% - 14:16
4 - 14% - 15% - 6:32
Normal Defense
1 - 27% - 30% - 12:37
2 - 36% - 30% - 16:52
3 - 29% - 25% - 13:26
4 - 8% - 15% - 3:41
PP Forward
1 - 47% - 50% - 1:58
2 - 53% - 50% - 2:15
PP Defense
1 - 43% - 50% - 1:48
2 - 57% - 50% - 2:25
PK Forward
1 - 55% - 50% - 4:24
2 - 45% - 50% - 3:32
PK Defense
1 - 64% - 50% - 5:07
2 - 36% - 50% - 2:49
PK3 Forward
1 - 0% - 50%
2 - 0% - 50%
PK3 Defense
1 - 0% - 50%
2 - 0% - 50%
44 Forward
1 - 0% - 50%
2 - 0% - 50%
44 Defense
1 - 0% - 50%
2 - 0% - 50%
Last Minute Offensive - 0:00
Last Minute Defensive - 1:15
Total
Forward - 60:00
Defense - 60:00
|
% Time on Ice - Minnesota North Stars
Lines # - Real PCT - Wanted PCT - Time Play
Normal Forward
1 - 28% - 40% - 13:06
2 - 28% - 31% - 13:17
3 - 23% - 24% - 10:47
4 - 20% - 5% - 9:27
Normal Defense
1 - 38% - 40% - 17:31
2 - 34% - 30% - 16:00
3 - 24% - 20% - 11:25
4 - 4% - 10% - 1:41
PP Forward
1 - 67% - 60% - 5:21
2 - 33% - 40% - 2:35
PP Defense
1 - 61% - 60% - 4:48
2 - 39% - 40% - 3:08
PK Forward
1 - 79% - 60% - 3:21
2 - 21% - 40% - 0:52
PK Defense
1 - 63% - 60% - 2:39
2 - 37% - 40% - 1:34
PK3 Forward
1 - 0% - 60%
2 - 0% - 40%
PK3 Defense
1 - 0% - 60%
2 - 0% - 40%
44 Forward
1 - 0% - 60%
2 - 0% - 40%
44 Defense
1 - 0% - 60%
2 - 0% - 40%
Last Minute Offensive - 1:14
Last Minute Defensive - 0:00
Total
Forward - 60:00
Defense - 60:00
|
Play-by-Play
1st period
0:01 of 1st period - Boone Jenner wins face-off versus Evgeni Malkin in neutral zone.
0:03 of 1st period - Jack Hughes and Damon Severson fight to a draw.
0:03 of 1st period - Penalty to Jack Hughes for Fighting.
0:03 of 1st period - Penalty to Damon Severson for Fighting.
0:04 of 1st period - Jonathan Toews wins face-off versus Ryan Getzlaf in Minnesota North Stars zone.
0:35 of 1st period - Slapshot by David Perron.
0:35 of 1st period - Stopped by Matt Murray with a rebound.
0:37 of 1st period - Wrist shot by David Perron.
0:37 of 1st period - Stopped by Matt Murray with a rebound.
1:16 of 1st period - Zdeno Chara is hit by Brandon Carlo and loses puck.
2:00 of 1st period - Snap shot by Evgeni Malkin.
2:00 of 1st period - Stopped by Matt Murray without a rebound.
2:01 of 1st period - Evgeni Malkin wins face-off versus Ryan Getzlaf in Edmonton Oilers zone.
2:02 of 1st period - Wrist shot by Jeff Skinner.
2:02 of 1st period - Stopped by Matt Murray with a rebound.
2:26 of 1st period - Jamie Benn is hit by Adam Lowry and loses puck.
2:31 of 1st period - Wrist shot by Gustav Nyquist.
2:31 of 1st period - Shot Blocked by Jamie Benn.
4:35 of 1st period - Wrist shot by Conor Sheary.
4:35 of 1st period - Stopped by Matt Murray with a rebound.
4:52 of 1st period - Jonathan Toews is hit by Jacob Trouba and loses puck.
5:12 of 1st period - Minor Penalty to Adam Lowry for High sticking.
5:13 of 1st period - Jack Hughes wins face-off versus Ryan Getzlaf in Minnesota North Stars zone.
5:24 of 1st period - Slapshot by Anthony Duclair.
5:24 of 1st period - Stopped by Brian Elliott with a rebound.
5:42 of 1st period - Jonathan Toews is hit by Jacob Trouba and loses puck.
6:04 of 1st period - Icing by Ryan Getzlaf.
6:05 of 1st period - Yegor Sharangovich wins face-off versus Ryan Getzlaf in Edmonton Oilers zone.
6:12 of 1st period - Snap shot by David Perron.
6:12 of 1st period - Deflect By Yegor Sharangovich.
6:12 of 1st period - Shot Misses the Net.
6:12 of 1st period - Puck is out of play.
6:13 of 1st period - Boone Jenner wins face-off versus Jonathan Toews in Edmonton Oilers zone.
6:40 of 1st period - Rasmus Dahlin is hit by Jacob Trouba and loses puck.
7:12 of 1st period - Penalty to Adam Lowry is over, Adam Lowry is back on ice.
7:47 of 1st period - Snap shot by Conor Sheary.
7:47 of 1st period - Stopped by Matt Murray with a rebound.
7:49 of 1st period - Slapshot by Neal Pionk.
7:49 of 1st period - Shot Misses the Net.
8:12 of 1st period - Rasmus Dahlin is hit by Brandon Carlo and loses puck.
8:37 of 1st period - Slapshot by Brock Boeser.
8:37 of 1st period - Shot Blocked by Yegor Sharangovich.
9:06 of 1st period - Snap shot by Nino Niederreiter.
9:06 of 1st period - Stopped by Matt Murray with a rebound.
10:20 of 1st period - Gustav Nyquist is hit by Anthony Duclair and loses puck.
10:28 of 1st period - Icing by Gustav Forsling.
10:29 of 1st period - Mikael Backlund wins face-off versus Andrew Poturalski in Minnesota North Stars zone.
11:46 of 1st period - Snap shot by Jamie Benn.
11:46 of 1st period - Shot Misses the Net.
11:48 of 1st period - Slapshot by Damon Severson.
11:48 of 1st period - Shot Misses the Net.
12:02 of 1st period - Slapshot by Jack Hughes.
12:02 of 1st period - Shot Misses the Net.
12:28 of 1st period - Snap shot by Nino Niederreiter.
12:28 of 1st period - Shot Blocked by Brett Pesce.
12:52 of 1st period - Andrew Poturalski is hit by Brandon Carlo.
12:58 of 1st period - Snap shot by Nino Niederreiter.
12:58 of 1st period - Shot Misses the Net.
13:36 of 1st period - Slapshot by Nino Niederreiter.
13:36 of 1st period - Stopped by Matt Murray with a rebound.
13:44 of 1st period - Wrist shot by Nino Niederreiter.
13:44 of 1st period - Shot Misses the Net.
13:59 of 1st period - Snap shot by Nino Niederreiter.
13:59 of 1st period - Deflect By Alex Iafallo.
13:59 of 1st period - Stopped by Matt Murray without a rebound.
14:00 of 1st period - Boone Jenner wins face-off versus Evgeni Malkin in Edmonton Oilers zone.
14:00 of 1st period - Boone Jenner is hit by Rasmus Dahlin.
14:10 of 1st period - Wrist shot by Jamie Benn.
14:10 of 1st period - Shot Blocked by David Perron.
14:12 of 1st period - Wrist shot by Adrian Kempe.
14:12 of 1st period - Goal by Adrian Kempe - Edmonton Oilers : 1 - Minnesota North Stars : 0.
14:13 of 1st period - Evgeni Malkin wins face-off versus Boone Jenner in neutral zone.
14:18 of 1st period - Wrist shot by Jack Hughes.
14:18 of 1st period - Stopped by Matt Murray without a rebound.
14:19 of 1st period - Evgeni Malkin wins face-off versus Boone Jenner in Edmonton Oilers zone.
14:26 of 1st period - Jack Hughes is hit by Jacob Trouba and loses puck.
15:02 of 1st period - Icing by Jonathan Toews.
15:03 of 1st period - Adam Lowry wins face-off versus Alex Iafallo in Minnesota North Stars zone.
15:28 of 1st period - Snap shot by Jamie Benn.
15:28 of 1st period - Shot Blocked by Nick Holden.
15:30 of 1st period - Wrist shot by Adrian Kempe.
15:30 of 1st period - Stopped by Brian Elliott with a rebound.
15:32 of 1st period - Snap shot by Boone Jenner.
15:32 of 1st period - Shot Misses the Net.
15:38 of 1st period - Wrist shot by Adrian Kempe.
15:38 of 1st period - Stopped by Brian Elliott with a rebound.
15:40 of 1st period - Wrist shot by Jamie Benn.
15:40 of 1st period - Shot Blocked by Nick Holden.
17:21 of 1st period - Adrian Kempe is hit by Neal Pionk and loses puck.
18:00 of 1st period - Backhand shot by Cam Atkinson.
18:00 of 1st period - Deflect By Adam Lowry.
18:00 of 1st period - Shot Misses the Net.
18:00 of 1st period - Puck is out of play.
18:01 of 1st period - Alex Iafallo wins face-off versus Adam Lowry in Minnesota North Stars zone.
18:27 of 1st period - Snap shot by Jakub Voracek.
18:27 of 1st period - Shot Misses the Net.
18:29 of 1st period - Snap shot by Alex Iafallo.
18:29 of 1st period - Stopped by Brian Elliott with a rebound.
18:31 of 1st period - Slapshot by Cam Atkinson.
18:31 of 1st period - Shot Misses the Net.
18:33 of 1st period - Snap shot by Jakub Voracek.
18:33 of 1st period - Stopped by Brian Elliott without a rebound.
18:34 of 1st period - Boone Jenner wins face-off versus Evgeni Malkin in Minnesota North Stars zone.
19:02 of 1st period - Minor Penalty to Jacob Trouba for Hooking.
19:03 of 1st period - Boone Jenner wins face-off versus Jack Hughes in Edmonton Oilers zone.
19:09 of 1st period - Icing by Jack Hughes.
19:10 of 1st period - Evgeni Malkin wins face-off versus Adrian Kempe in Minnesota North Stars zone.
19:50 of 1st period - Snap shot by Brock Boeser.
19:50 of 1st period - Shot Misses the Net.
19:52 of 1st period - Snap shot by Adrian Kempe.
19:52 of 1st period - Stopped by Brian Elliott with a rebound.
19:54 of 1st period - Slapshot by Erik Johnson.
19:54 of 1st period - Shot Misses the Net.
Goals for this period are 1 for Edmonton Oilers vs 0 for Minnesota North Stars.
Shots for this period are 7 for Edmonton Oilers vs 10 for Minnesota North Stars.
2nd period
0:01 of 2nd period - Evgeni Malkin wins face-off versus Jamie Benn in neutral zone.
0:36 of 2nd period - Snap shot by Jeff Skinner.
0:36 of 2nd period - Deflect By Viktor Arvidsson.
0:36 of 2nd period - Shot Misses the Net.
0:36 of 2nd period - Puck is out of play.
0:37 of 2nd period - Evgeni Malkin wins face-off versus Adrian Kempe in Edmonton Oilers zone.
1:02 of 2nd period - Penalty to Jacob Trouba is over, Jacob Trouba is back on ice.
1:15 of 2nd period - Jeff Skinner is hit by Boone Jenner and loses puck.
1:20 of 2nd period - Wrist shot by Boone Jenner.
1:20 of 2nd period - Shot Misses the Net.
1:22 of 2nd period - Wrist shot by Boone Jenner.
1:22 of 2nd period - Stopped by Brian Elliott with a rebound.
1:24 of 2nd period - Slapshot by Duncan Keith.
1:24 of 2nd period - Deflect By Jamie Benn.
1:24 of 2nd period - Shot Misses the Net.
1:24 of 2nd period - Puck is out of play.
1:25 of 2nd period - Ryan Getzlaf wins face-off versus Evgeni Malkin in Minnesota North Stars zone.
1:26 of 2nd period - Slapshot by Anthony Duclair.
1:26 of 2nd period - Stopped by Brian Elliott with a rebound.
1:38 of 2nd period - Snap shot by David Perron.
1:38 of 2nd period - Shot Blocked by Duncan Keith.
1:40 of 2nd period - Snap shot by Jack Hughes.
1:40 of 2nd period - Shot Misses the Net.
2:15 of 2nd period - Snap shot by Jeff Skinner.
2:15 of 2nd period - Shot Blocked by Cam Atkinson.
2:21 of 2nd period - Snap shot by Jeff Skinner.
2:21 of 2nd period - Shot Misses the Net.
2:31 of 2nd period - Evgeni Malkin is hit by Adrian Kempe and loses puck.
2:50 of 2nd period - Snap shot by Paul Stastny.
2:50 of 2nd period - Stopped by Brian Elliott without a rebound.
2:51 of 2nd period - Mikael Backlund wins face-off versus Viktor Arvidsson in Minnesota North Stars zone.
2:52 of 2nd period - Slapshot by Paul Stastny.
2:52 of 2nd period - Shot Blocked by Viktor Arvidsson.
2:54 of 2nd period - Wrist shot by Mikael Backlund.
2:54 of 2nd period - Goal by Mikael Backlund - Edmonton Oilers : 2 - Minnesota North Stars : 0.
2:55 of 2nd period - Evgeni Malkin wins face-off versus Boone Jenner in neutral zone.
2:58 of 2nd period - Erik Johnson is hit by Zdeno Chara and loses puck.
3:51 of 2nd period - Jakub Voracek is hit by Jeff Skinner and loses puck.
4:59 of 2nd period - Cam Atkinson is hit by Zdeno Chara and loses puck.
5:56 of 2nd period - Sean Kuraly is hit by Andrew Poturalski and loses puck.
6:01 of 2nd period - Wrist shot by Andrew Poturalski.
6:01 of 2nd period - Stopped by Matt Murray with a rebound.
6:03 of 2nd period - Minor Penalty to Sean Kuraly for Roughing.
6:04 of 2nd period - Evgeni Malkin wins face-off versus Adrian Kempe in Edmonton Oilers zone.
6:17 of 2nd period - Adrian Kempe is hit by David Perron and loses puck.
6:30 of 2nd period - Jeff Skinner is hit by Boone Jenner and loses puck.
8:03 of 2nd period - Penalty to Sean Kuraly is over, Sean Kuraly is back on ice.
8:08 of 2nd period - Wrist shot by Alex Iafallo.
8:08 of 2nd period - Stopped by Brian Elliott with a rebound.
8:41 of 2nd period - Conor Sheary is hit by Brandon Carlo.
9:39 of 2nd period - Snap shot by Adam Lowry.
9:39 of 2nd period - Deflect By Yegor Sharangovich.
9:39 of 2nd period - Shot Blocked by Paul Stastny.
9:39 of 2nd period - Puck is out of play.
9:40 of 2nd period - Adam Lowry wins face-off versus Mikael Backlund in Edmonton Oilers zone.
9:43 of 2nd period - Snap shot by Gustav Nyquist.
9:43 of 2nd period - Stopped by Matt Murray with a rebound.
9:45 of 2nd period - Wrist shot by Gustav Nyquist.
9:45 of 2nd period - Shot Misses the Net.
9:47 of 2nd period - Slapshot by Rasmus Dahlin.
9:47 of 2nd period - Stopped by Matt Murray with a rebound.
9:49 of 2nd period - Snap shot by Gustav Nyquist.
9:49 of 2nd period - Shot Misses the Net.
9:51 of 2nd period - Snap shot by Yegor Sharangovich.
9:51 of 2nd period - Shot Misses the Net.
9:53 of 2nd period - Slapshot by Rasmus Dahlin.
9:53 of 2nd period - Stopped by Matt Murray without a rebound.
9:54 of 2nd period - Ryan Getzlaf wins face-off versus Evgeni Malkin in Edmonton Oilers zone.
10:25 of 2nd period - Off-side.
10:26 of 2nd period - Alex Iafallo wins face-off versus Jeff Skinner in neutral zone.
10:53 of 2nd period - Evgeni Malkin is hit by Jamie Benn and loses puck.
11:16 of 2nd period - Wrist shot by Anthony Duclair.
11:16 of 2nd period - Shot Misses the Net.
11:18 of 2nd period - Slapshot by Brett Pesce.
11:18 of 2nd period - Shot Misses the Net.
11:40 of 2nd period - Slapshot by Jacob Trouba.
11:40 of 2nd period - Stopped by Brian Elliott with a rebound.
11:42 of 2nd period - Snap shot by Jakub Voracek.
11:42 of 2nd period - Shot Misses the Net.
12:13 of 2nd period - Snap shot by Brock Boeser.
12:13 of 2nd period - Stopped by Brian Elliott with a rebound.
12:15 of 2nd period - Snap shot by Anthony Duclair.
12:15 of 2nd period - Shot Misses the Net.
12:27 of 2nd period - Snap shot by Jeff Skinner.
12:27 of 2nd period - Shot Misses the Net.
12:29 of 2nd period - Slapshot by Zdeno Chara.
12:29 of 2nd period - Shot Hit the Post.
12:35 of 2nd period - Jeff Skinner is hit by Boone Jenner and loses puck.
12:42 of 2nd period - Boone Jenner is hit by Jonathan Toews and loses puck.
13:16 of 2nd period - Off-side.
13:17 of 2nd period - Ryan Getzlaf wins face-off versus Evgeni Malkin in neutral zone.
13:20 of 2nd period - Slapshot by Damon Severson.
13:20 of 2nd period - Stopped by Brian Elliott with a rebound.
13:30 of 2nd period - Slapshot by Evgeni Malkin.
13:30 of 2nd period - Stopped by Matt Murray with a rebound.
13:32 of 2nd period - Slapshot by Nick Holden.
13:32 of 2nd period - Deflect By Evgeni Malkin.
13:32 of 2nd period - Stopped by Matt Murray with a rebound.
13:34 of 2nd period - Snap shot by Evgeni Malkin.
13:34 of 2nd period - Shot Blocked by Jacob Trouba.
13:36 of 2nd period - Backhand shot by Nick Holden.
13:36 of 2nd period - Stopped by Matt Murray with a rebound.
13:38 of 2nd period - Slapshot by Nick Holden.
13:38 of 2nd period - Deflect By Evgeni Malkin.
13:38 of 2nd period - Shot Misses the Net.
13:38 of 2nd period - Puck is out of play.
13:39 of 2nd period - Boone Jenner wins face-off versus Viktor Arvidsson in Edmonton Oilers zone.
13:44 of 2nd period - Jonathan Toews is hit by Jamie Benn and loses puck.
13:53 of 2nd period - Slapshot by Jeff Skinner.
13:53 of 2nd period - Stopped by Matt Murray with a rebound.
13:55 of 2nd period - Wrist shot by Viktor Arvidsson.
13:55 of 2nd period - Stopped by Matt Murray with a rebound.
14:30 of 2nd period - Cam Atkinson is hit by Alex Goligoski and loses puck.
14:37 of 2nd period - Slapshot by Brett Pesce.
14:37 of 2nd period - Shot Misses the Net.
14:53 of 2nd period - Snap shot by Jonathan Toews.
14:53 of 2nd period - Shot Misses the Net.
14:55 of 2nd period - Slapshot by Jonathan Toews.
14:55 of 2nd period - Stopped by Matt Murray with a rebound.
14:57 of 2nd period - Slapshot by Gustav Forsling.
14:57 of 2nd period - Shot Blocked by Jacob Trouba.
15:37 of 2nd period - Brandon Carlo is hit by Nino Niederreiter and loses puck.
15:50 of 2nd period - Wrist shot by Alex Iafallo.
15:50 of 2nd period - Shot Misses the Net.
15:52 of 2nd period - Wrist shot by Jakub Voracek.
15:52 of 2nd period - Stopped by Brian Elliott without a rebound.
15:53 of 2nd period - Evgeni Malkin wins face-off versus Alex Iafallo in Minnesota North Stars zone.
16:47 of 2nd period - Wrist shot by Brock Boeser.
16:47 of 2nd period - Shot Misses the Net.
17:08 of 2nd period - Paul Stastny is hit by Evgeni Malkin and loses puck.
17:58 of 2nd period - Jamie Benn is hit by Jonathan Toews and loses puck.
18:03 of 2nd period - Snap shot by Jonathan Toews.
18:03 of 2nd period - Shot Misses the Net.
18:05 of 2nd period - Wrist shot by Jeff Skinner.
18:05 of 2nd period - Stopped by Matt Murray with a rebound.
18:07 of 2nd period - Snap shot by Jeff Skinner.
18:07 of 2nd period - Stopped by Matt Murray with a rebound.
18:09 of 2nd period - Snap shot by Viktor Arvidsson.
18:09 of 2nd period - Shot Blocked by Adrian Kempe.
18:39 of 2nd period - Erik Johnson is hit by Yegor Sharangovich and loses puck.
18:50 of 2nd period - Snap shot by Rasmus Dahlin.
18:50 of 2nd period - Shot Blocked by Jakub Voracek.
19:11 of 2nd period - Brock Boeser is hit by Alex Goligoski and loses puck.
19:26 of 2nd period - Adrian Kempe is hit by David Perron and loses puck.
19:59 of 2nd period - Andrew Poturalski is hit by Jamie Benn.
Goals for this period are 1 for Edmonton Oilers vs 0 for Minnesota North Stars.
Shots for this period are 9 for Edmonton Oilers vs 12 for Minnesota North Stars.
3rd period
0:01 of 3rd period - Boone Jenner wins face-off versus Evgeni Malkin in neutral zone.
0:04 of 3rd period - Slapshot by Damon Severson.
0:04 of 3rd period - Stopped by Brian Elliott with a rebound.
1:05 of 3rd period - Snap shot by Jamie Benn.
1:05 of 3rd period - Stopped by Brian Elliott without a rebound.
1:06 of 3rd period - Ryan Getzlaf wins face-off versus Evgeni Malkin in Minnesota North Stars zone.
1:17 of 3rd period - Snap shot by Anthony Duclair.
1:17 of 3rd period - Stopped by Brian Elliott with a rebound.
1:45 of 3rd period - Minor Penalty to Zdeno Chara for Hooking.
1:46 of 3rd period - Jonathan Toews wins face-off versus Ryan Getzlaf in Minnesota North Stars zone.
1:56 of 3rd period - Wrist shot by Ryan Getzlaf.
1:56 of 3rd period - Shot Blocked by Nick Holden.
1:58 of 3rd period - Snap shot by Ryan Getzlaf.
1:58 of 3rd period - Deflect By Brock Boeser.
1:58 of 3rd period - Stopped by Brian Elliott with a rebound.
2:00 of 3rd period - Slapshot by Damon Severson.
2:00 of 3rd period - Goal by Damon Severson - Edmonton Oilers : 3 - Minnesota North Stars : 0.
2:01 of 3rd period - Boone Jenner wins face-off versus Evgeni Malkin in neutral zone.
2:28 of 3rd period - Rasmus Dahlin is hit by Brock Boeser and loses puck.
2:52 of 3rd period - Off-side.
2:53 of 3rd period - Andrew Poturalski wins face-off versus Alex Iafallo in neutral zone.
2:56 of 3rd period - Slapshot by Neal Pionk.
2:56 of 3rd period - Stopped by Matt Murray with a rebound.
3:07 of 3rd period - Off-side.
3:08 of 3rd period - Evgeni Malkin wins face-off versus Boone Jenner in neutral zone.
4:03 of 3rd period - Alex Iafallo is hit by Alex Goligoski and loses puck.
4:20 of 3rd period - Snap shot by Evgeni Malkin.
4:20 of 3rd period - Shot Blocked by Brett Pesce.
4:44 of 3rd period - Ryan Getzlaf is hit by Jonathan Toews.
4:59 of 3rd period - Slapshot by Rasmus Dahlin.
4:59 of 3rd period - Shot Misses the Net.
5:15 of 3rd period - Backhand shot by Nino Niederreiter.
5:15 of 3rd period - Shot Blocked by Duncan Keith.
5:31 of 3rd period - Minor Penalty to Damon Severson for Roughing.
5:32 of 3rd period - Adrian Kempe wins face-off versus Evgeni Malkin in Edmonton Oilers zone.
6:09 of 3rd period - Snap shot by Jack Hughes.
6:09 of 3rd period - Shot Blocked by Duncan Keith.
6:49 of 3rd period - Duncan Keith is hit by Neal Pionk and loses puck.
7:10 of 3rd period - Jacob Trouba is hit by Evgeni Malkin and loses puck.
7:29 of 3rd period - Brock Boeser is hit by David Perron.
7:31 of 3rd period - Penalty to Damon Severson is over, Damon Severson is back on ice.
7:37 of 3rd period - Snap shot by Evgeni Malkin.
7:37 of 3rd period - Deflect By Jack Hughes.
7:37 of 3rd period - Stopped by Matt Murray with a rebound.
7:39 of 3rd period - Wrist shot by David Perron.
7:39 of 3rd period - Shot Misses the Net.
7:41 of 3rd period - Snap shot by Jack Hughes.
7:41 of 3rd period - Shot Blocked by Erik Johnson.
7:43 of 3rd period - Wrist shot by David Perron.
7:43 of 3rd period - Shot Misses the Net.
7:45 of 3rd period - Wrist shot by David Perron.
7:45 of 3rd period - Deflect By Brock Boeser.
7:45 of 3rd period - Shot Blocked by Damon Severson.
7:45 of 3rd period - Puck is out of play.
7:46 of 3rd period - Jonathan Toews wins face-off versus Alex Iafallo in Edmonton Oilers zone.
7:49 of 3rd period - Snap shot by Viktor Arvidsson.
7:49 of 3rd period - Shot Blocked by Brett Pesce.
7:51 of 3rd period - Wrist shot by Viktor Arvidsson.
7:51 of 3rd period - Stopped by Matt Murray with a rebound.
7:53 of 3rd period - Wrist shot by Jeff Skinner.
7:53 of 3rd period - Goal by Jeff Skinner - Edmonton Oilers : 3 - Minnesota North Stars : 1.
7:54 of 3rd period - Jonathan Toews wins face-off versus Ryan Getzlaf in neutral zone.
8:19 of 3rd period - Erik Johnson is hit by Adam Lowry and loses puck.
8:28 of 3rd period - Wrist shot by Gustav Nyquist.
8:28 of 3rd period - Stopped by Matt Murray with a rebound.
8:30 of 3rd period - Slapshot by Gustav Forsling.
8:30 of 3rd period - Deflect By Yegor Sharangovich.
8:30 of 3rd period - Stopped by Matt Murray with a rebound.
8:32 of 3rd period - Snap shot by Yegor Sharangovich.
8:32 of 3rd period - Shot Misses the Net.
8:46 of 3rd period - Boone Jenner is hit by Nino Niederreiter and loses puck.
9:01 of 3rd period - Anthony Duclair is hit by Jeff Skinner and loses puck.
9:18 of 3rd period - Slapshot by Yegor Sharangovich.
9:18 of 3rd period - Shot Misses the Net.
9:20 of 3rd period - Slapshot by Rasmus Dahlin.
9:20 of 3rd period - Deflect By Yegor Sharangovich.
9:20 of 3rd period - Stopped by Matt Murray with a rebound.
10:41 of 3rd period - Conor Sheary is hit by Boone Jenner and loses puck.
10:48 of 3rd period - Brandon Carlo is hit by Alex Goligoski.
11:06 of 3rd period - Jakub Voracek is hit by Viktor Arvidsson and loses puck.
11:19 of 3rd period - Ryan Getzlaf is hit by Zdeno Chara and loses puck.
12:31 of 3rd period - Minor Penalty to Evgeni Malkin for Tripping.
12:32 of 3rd period - Ryan Getzlaf wins face-off versus Jonathan Toews in Minnesota North Stars zone.
12:49 of 3rd period - Snap shot by Jonathan Toews.
12:49 of 3rd period - Shot Misses the Net.
13:09 of 3rd period - Wrist shot by Adrian Kempe.
13:09 of 3rd period - Shot Blocked by Neal Pionk.
13:29 of 3rd period - Snap shot by Gustav Nyquist.
13:29 of 3rd period - Stopped by Matt Murray without a rebound.
13:30 of 3rd period - Boone Jenner wins face-off versus Yegor Sharangovich in Edmonton Oilers zone.
13:47 of 3rd period - Snap shot by Anthony Duclair.
13:47 of 3rd period - Shot Misses the Net.
13:49 of 3rd period - Wrist shot by Brock Boeser.
13:49 of 3rd period - Stopped by Brian Elliott without a rebound.
13:50 of 3rd period - Jonathan Toews wins face-off versus Ryan Getzlaf in Minnesota North Stars zone.
13:59 of 3rd period - Snap shot by Anthony Duclair.
13:59 of 3rd period - Stopped by Brian Elliott without a rebound.
14:00 of 3rd period - Jonathan Toews wins face-off versus Boone Jenner in Minnesota North Stars zone.
14:09 of 3rd period - Wrist shot by Jack Hughes.
14:09 of 3rd period - Shot Misses the Net.
14:11 of 3rd period - Snap shot by Jack Hughes.
14:11 of 3rd period - Shot Misses the Net.
14:13 of 3rd period - Slapshot by Jonathan Toews.
14:13 of 3rd period - Shot Misses the Net.
14:15 of 3rd period - Slapshot by Jonathan Toews.
14:15 of 3rd period - Shot Blocked by Adrian Kempe.
14:17 of 3rd period - Wrist shot by Jonathan Toews.
14:17 of 3rd period - Shot Misses the Net.
14:31 of 3rd period - Penalty to Evgeni Malkin is over, Evgeni Malkin is back on ice.
15:14 of 3rd period - Snap shot by Gustav Nyquist.
15:14 of 3rd period - Stopped by Matt Murray with a rebound.
15:16 of 3rd period - Snap shot by Yegor Sharangovich.
15:16 of 3rd period - Goal by Yegor Sharangovich - Edmonton Oilers : 3 - Minnesota North Stars : 2.
15:17 of 3rd period - Adam Lowry wins face-off versus Mikael Backlund in neutral zone.
15:28 of 3rd period - Paul Stastny is hit by Rasmus Dahlin.
15:34 of 3rd period - Damon Severson is hit by Rasmus Dahlin and loses puck.
15:50 of 3rd period - Neal Pionk is hit by Jacob Trouba and loses puck.
16:05 of 3rd period - Minor Penalty to Jacob Trouba for Hooking.
16:06 of 3rd period - Adrian Kempe wins face-off versus Evgeni Malkin in Edmonton Oilers zone.
18:05 of 3rd period - Penalty to Jacob Trouba is over, Jacob Trouba is back on ice.
18:21 of 3rd period - Snap shot by Anthony Duclair.
18:21 of 3rd period - Shot Blocked by Nino Niederreiter.
18:29 of 3rd period - Snap shot by Anthony Duclair.
18:29 of 3rd period - Shot Misses the Net.
18:51 of 3rd period - Slapshot by Evgeni Malkin.
18:51 of 3rd period - Shot Misses the Net.
19:04 of 3rd period - Minnesota North Stars, Brian Elliott is pulled from the net.
19:14 of 3rd period - Wrist shot by Jack Hughes.
19:14 of 3rd period - Stopped by Matt Murray without a rebound.
19:15 of 3rd period - John Tortorella call a timeout for Minnesota North Stars.
19:15 of 3rd period - Evgeni Malkin wins face-off versus Cam Atkinson in Edmonton Oilers zone.
19:26 of 3rd period - Wrist shot by Jack Hughes.
19:26 of 3rd period - Shot Misses the Net.
19:28 of 3rd period - Slapshot by Evgeni Malkin.
19:28 of 3rd period - Deflect By Jack Hughes.
19:28 of 3rd period - Shot Misses the Net.
19:28 of 3rd period - Puck is out of play.
19:29 of 3rd period - Evgeni Malkin wins face-off versus Cam Atkinson in Edmonton Oilers zone.
19:57 of 3rd period - Icing by Jacob Trouba.
19:58 of 3rd period - Cam Atkinson wins face-off versus Yegor Sharangovich in Edmonton Oilers zone.
Goals for this period are 1 for Edmonton Oilers vs 2 for Minnesota North Stars.
Shots for this period are 7 for Edmonton Oilers vs 11 for Minnesota North Stars.
Back to the Top